 Dungeon Crawl Stone Soup version 0.31.0-11-ge490571c62 (webtiles) character file.

Game seed: 17312716909017548497

40 qw the Shooter (level 3, 0/20 HPs)
             Began as a Deep Elf Hunter on Feb 4, 2024.
             Slain by Terence
             ... wielding a +0 flail
              (4 damage)
             ... on level 3 of the Dungeon.
             The game lasted 00:00:04 (1732 turns).

qw the Shooter (Deep Elf Hunter)                    Turns: 1732, Time: 00:00:05

Health: 0/20       AC:  6    Str: 10    XL:     3   Next: 30%
Magic:  5/5        EV: 11    Int: 13    God:
Gold:   63         SH:  0    Dex: 18    Spells: 2/2 levels left

rFire   . . .        a - +0 shortbow
rCold   . . .        (shield currently unavailable)
rNeg    . . .        e - +0 ring mail
rPois   .            c - +0 helmet
rElec   .            (no cloak)
rCorr   .            (no gloves)
SInv    .            (no boots)
Will    .....        (no amulet)
Stlth   +            (no ring)
HPRegen 0.23/turn    (no ring)
MPRegen 0.09/turn

%: no passive effects
@: no status effects
A: no striking features
a: no special abilities


You were on level 3 of the Dungeon.
You visited 1 branch of the dungeon, and saw 3 of its levels.

You collected 63 gold pieces.


   Skills:
 - Level 1.5 Fighting
 + Level 6.9 Ranged Weapons
 - Level 2.4 Dodging
 - Level 1.2 Stealth


You had 2 spell levels left.
You didn't know any spells.
Your spell library was empty.

Inventory:

Hand Weapons
 a - a +0 shortbow (weapon)
Armour
 c - a +0 helmet (worn)
 e - a +0 ring mail (worn)
Potions
 g - a potion of degeneration {unknown}

Dungeon Overview and Level Annotations

Branches:
Dungeon (3/15)

Altars:

Annotations:
D:3 Terence


Message History

You shoot an arrow. The arrow closely misses Terence.
You shoot an arrow. The arrow barely misses Terence.
You shoot an arrow. The arrow hits Terence.
Terence is lightly wounded.
Terence bares his teeth.
Terence barely misses you.
You shoot an arrow.
The arrow hits Terence but does no damage.
Terence is lightly wounded.
Terence hits you with a +0 flail.
You shoot an arrow.
The arrow hits Terence but does no damage.
Terence is lightly wounded.
Terence shouts, "Get ready for death!"
Terence barely misses you.
You shoot an arrow. The arrow hits Terence.
Terence is moderately wounded.
Terence hits you with a +0 flail.
You shoot an arrow. The arrow hits Terence.
Terence is heavily wounded.
Terence barely misses you.
You shoot an arrow.
The arrow hits Terence but does no damage.
Terence is heavily wounded.
Terence closely misses you. Terence hits you with a +0 flail!
You shoot an arrow. The arrow hits Terence.
Terence is heavily wounded.
Terence hits you with a +0 flail.
You shoot an arrow. The arrow hits Terence.
Terence is almost dead.
Terence hits you but does no damage.
You shoot an arrow.
The arrow hits Terence but does no damage.
Terence is almost dead.
Terence hits you with a +0 flail.
You shoot an arrow. The arrow hits Terence.
Terence is almost dead.
Terence completely misses you. Terence hits you with a +0 flail.
You die...
Terence says, "Time to find some more victims."

#8.8#. ##+#### ##.##.
#.....# #.### ###.....#
##.## ........# #8.8#
.......############.###
#.....##8##8##8##.##8
+.....'..........[...
#...@.##8##8##8##.##8
#...@.###########.###
#....... 8.8 #?......#
##.## .........# #.#
...$..[.... 8.8
..........##. #.#
..........# ..


You could see Terence.

Vanquished Creatures
  An adder (D:2)
  A dart slug (D:1)
  3 endoplasms
  2 giant cockroaches
  2 hobgoblins
  A quokka (D:1)
  2 ball pythons (D:1)
  6 bats (D:1)
  3 frilled lizards
  3 goblins (D:1)
  5 rats
29 creatures vanquished.

Notes
Turn   | Place    | Note
-------+----------+-------------------------------------------
     0 | D:1      | qw the Deep Elf Hunter began the quest for the Orb.
     0 | D:1      | Reached XP level 1. HP: 12/12 MP: 3/3
     0 | D:1      | 0 ||| qw: Version: 0.3-a-160-g6735b56
     0 | D:1      | 0 ||| qw: Game counter: 6093
     0 | D:1      | 0 ||| qw: Melee chars always use a shield: true
     0 | D:1      | 0 ||| qw: God list: Okawaru
     0 | D:1      | 0 ||| qw: Allow faded altars: false
     0 | D:1      | 0 ||| qw: Do Orc after clearing Dungeon:15 true
     0 | D:1      | 0 ||| qw: Do second Lair branch before Depths: true
     0 | D:1      | 0 ||| qw: Lair rune preference: random
     0 | D:1      | 0 ||| qw: Goals: Normal
     0 | D:1      | 0 ||| PLANNING D:1-11
   185 | D:1      | Reached XP level 2. HP: 16/16 MP: 4/4
   212 | D:1      | Reached skill level 6 in Ranged Weapons
   833 | D:1      | 833 ||| UPGRADING to +0 ring mail.
   843 | D:1      | 843 ||| DROPPING +0 leather armour.
   844 | D:1      | 844 ||| READING scroll labelled XOIJAR ENTUYP.
   845 | D:1      | 845 ||| DROPPING scroll of butterflies.
  1131 | D:2      | Reached XP level 3. HP: 16/20 MP: 5/5
  1599 | D:2      | 1599 ||| UPGRADING to +0 helmet.
  1604 | D:2      | 1604 ||| READING scroll labelled YSHYXKI DIGEULL.
  1605 | D:2      | 1605 ||| READING scroll labelled TAMUZUODOE.
  1606 | D:2      | 1606 ||| READING scroll labelled KIUNTE YMIW.
  1606 | D:2      | 1606 ||| IDENTIFYING cyan potion
  1607 | D:2      | 1607 ||| DROPPING potion of invisibility.
  1718 | D:3      | Noticed Terence
  1731 | D:3      | HP: 3/20 [Terence/+0 flail (3)]
  1732 | D:3      | Slain by Terence

Levels and vault maps discovered:
D:1:      sevenhm_arrival_forest_fort_small_4, layout_basic
D:2:      layout_loops_corners, kennysheep_generic_room_11
D:3:      layout_basic, nicolae_hepliaklqana_monster_ancestors,
          hellmonk_ecumenical_altar_crossroads, dk_noncrumbling_2, uniq_terence

Skill      XL: |  1  2 |
---------------+-------+-----
Ranged Weapons | 6 |  6.9
Fighting       | |  1.5
Dodging        | |  2.4
Stealth        | |  1.2

Action                     || total
---------------------------++-------
   Fire: Shortbow          ||    97
    Use: Scroll            ||     4
 Armour: Leather armour    ||     3
         Ring mail         ||    15
  Dodge: Dodged            ||    20

Table legend:
 A = Non-vault XP
 B = Vault XP
 C = Vault XP percentage of total XP
 D = Non-vault monster count
 E = Vault monster count
 F = Vault count percentage of total count
                 A         B        C        D         E       F
            +---------+---------+-------+---------+---------+-------
      Total |      55 |       3 |   5.2 |      27 |       2 |   6.9
            +---------+---------+-------+---------+---------+-------
        D:1 |      35 |       0 |   0.0 |      21 |       0 |   0.0
        D:2 |      19 |       3 |  13.6 |       5 |       2 |  28.6
        D:3 |       1 |       0 |   0.0 |       1 |       0 |   0.0
            +---------+---------+-------+---------+---------+-------
